Map: Catalyst LE

Players

Temper - Winner!

  • Race: Zerg Zerg
  • League: Master
  • Spawn Location: 11:00

A.I. 2 (Very Easy)

  • Race: Zerg Zerg
  • Spawn Location: 5:00

VOD

Have the link to the VOD?

Description

Time

  • Played on: Aug. 1, 2018, 12:44 p.m.
  • Length: 7:44
Show
View Real Time Build Order
Export as new Build Order

Temper Zerg - Winner!

Build Orders: Hatch First 

Get SALT Encoding   

  12  0:02  Drone  
  13  0:16  Overlord  
  13  0:23  Drone  
  14  0:35  Drone x2  
  16  0:51  Hatchery  
  16  0:54  Drone  
  16  1:00  Drone  
  17  1:15  Spawning Pool  
  17  1:16  Drone  
  17  1:19  Drone  
  17  1:22  Drone  
  19  1:31  Overlord  
  19  1:43  Drone  
  20  2:02  Queen  
  20  2:03  Queen  
  20  2:04  Zergling x4  
  20  2:05  Drone  
  27  2:16  Drone x2  
  29  2:26  Drone x2  
  31  2:36  Overlord  
  31  2:39  Drone  
  31  2:42  Queen x2  
  36  2:53  Overlord  
  36  2:55  Drone  
  37  3:00  Drone x2  
  39  3:08  Drone  
  39  3:10  Extractor  
  39  3:21  Queen x2  
  39  3:23  Overlord  
  43  3:30  Drone x3  
  43  3:31  Drone x2  
  43  3:33  Extractor  
  47  3:34  Drone  
  48  3:43  Drone  
  48  3:44  Drone  
  50  3:54  Extractor, Evolution Chamber, Roach Warren  
  50  3:55  Extractor, Evolution Chamber, Drone x3  
  49  3:56  Drone x3  
  49  4:00  Drone  
  52  4:08  Overlord  
  52  4:09  Drone  
  53  4:10  Lair  
  53  4:20  Drone x2  
  55  4:32  Zerg Ground Armor Level 1  
  55  4:33  Drone x3  
  55  4:34  Drone  
  55  4:37  Zerg Missile Weapons Level 1  
  55  4:38  Overlord x2  
  59  4:40  Roach  
  59  4:41  Roach  
  65  4:53  Roach  
  65  4:57  Overlord  
  65  5:02  Roach  
  65  5:03  Roach x5  
  77  5:10  Roach  
  77  5:11  Glial Reconstitution, Roach  
  81  5:15  Overlord  
  81  5:20  Roach  
  83  5:25  Roach  
  85  5:31  Roach  
  87  5:36  Roach x6  
  87  5:40  Overlord, Ravager  
  100  5:47  Overlord  
  100  5:54  Overlord  
  100  5:59  Roach  
  104  6:11  Roach  
  104  6:12  Roach x6  
  104  6:15  Overlord  
  104  6:18  Ravager x2  
  116  6:19  Ravager  
  118  6:29  Ravager  
  118  6:30  Roach x2  
  123  6:34  Roach  
  125  6:45  Roach  
  125  6:46  Roach  
  129  6:50  Overlord x2  
  129  6:52  Hatchery  
  128  7:03  Ravager x3  
  128  7:08  Overlord, Roach x4  
  141  7:18  Drone  
  142  7:28  Hatchery  
Show
View Real Time Build Order
Export as new Build Order

A.I. 2 (Very Easy) Zerg 

Build Orders: Pool Only 

Get SALT Encoding   

  12  0:00  Drone  
  13  0:12  Overlord  
  13  0:17  Drone  
  14  0:35  Spawning Pool  
  13  0:37  Drone  
  13  0:41  Extractor  
  13  0:44  Drone  
  14  0:51  Overlord  
  14  1:21  Zergling x2  
  14  1:22  Queen  
  17  1:30  Roach Warren  
  16  1:34  Drone  
  16  1:37  Extractor  
  16  1:42  Zergling x2, Drone  
  18  1:55  Drone  
  19  2:03  Zergling x2  
  19  2:06  Drone  
  21  2:16  Drone  
  22  2:27  Drone  
  22  2:29  Overlord  
  23  2:34  Drone  
  24  2:41  Drone  
  25  6:05  Lair, Overlord, Roach, Drone  
  28  6:13  Drone  
  29  6:20  Drone  
  30  6:27  Drone  
  30  6:34  Drone  
  29  6:41  Drone  
  29  6:45  Roach  
  32  7:03  Overseer x2  
  28  7:15  Roach Warren  
  28  7:19  Drone  
  23  7:26  Drone  
Tags
 
League
Master
Matchup
ZvZ
Race
Zerg
Spawn Locations
Cross Positions
Add a new tag
Caveats
  • Supply blocks, unpowered buildings, or Contaminate may cause inaccurate times.
  • Supply counts are checked every 10 seconds.